 Dungeon Crawl Stone Soup version 0.25-a0-164-gb55e97dba5 (webtiles) character file.

Game seed: 5947258372902693054, levelgen mode: deterministic

223 mortelune the Firebug (level 5, -17/36 HPs)
             Began as a Demonspawn Fire Elementalist on Nov 22, 2019.
             Was an Initiate of Qazlal.
             Demolished by Pikel
             ... wielding a +2 whip of electrocution
              (18 damage)
             ... on level 4 of the Dungeon.
             The game lasted 00:09:53 (4925 turns).

mortelune the Firebug (DsFE)                        Turns: 4925, Time: 00:09:54

Health: -17/36     AC:  3    Str:  9    XL:     5   Next: 66%
Magic:  0/9        EV: 12    Int: 17    God:    Qazlal [......]
Gold:   145        SH:  0    Dex: 13    Spells: 3/10 levels left

rFire    . . .     SeeInvis .   f - +0 short sword
rCold    + . .     Gourm    .   (no shield)
rNeg     . . .     Faith    .   a - +0 robe
rPois    .         Spirit   .   (helmet restricted)
rElec    .         Reflect  .   (no cloak)
rCorr    .         Harm     .   (no gloves)
MR       .....                  (no boots)
Stlth    ++........             (no amulet)
HPRegen  0.12/turn              i - ring of wizardry
MPRegen  0.11/turn              q - ring of wizardry

@: no status effects
A: horns 1, rugged brown scales 1, cold resistance 1
a: Renounce Religion


You were on level 4 of the Dungeon.
You worshipped Qazlal.
Qazlal was noncommittal.
You were not hungry.

You visited 1 branch of the dungeon, and saw 4 of its levels.

You collected 145 gold pieces.

Inventory:

Hand Weapons
 f - a +0 short sword (weapon)
Armour
 a - a +0 robe (worn)
Jewellery
 d - an uncursed ring of stealth
 i - a ring of wizardry (left hand)
 o - an uncursed ring of protection from fire
 q - a ring of wizardry (right hand)
Wands
 r - a wand of acid (7)
Scrolls
 g - 3 scrolls of remove curse
 j - 2 scrolls of teleportation
 k - a scroll of amnesia {unknown}
 l - a scroll of random uselessness {unknown}
 p - 2 scrolls of magic mapping {unknown}
Potions
 b - a potion of lignification
 h - 2 potions of curing
 m - 2 potions of ambrosia
Comestibles
 c - 8 rations


   Skills:
 - Level 1.7 Dodging
 - Level 1.7 Stealth
 + Level 3.0 Spellcasting
 * Level 3.5 Conjurations
 * Level 4.2 Fire Magic


You had 3 spell levels left.
You knew the following spells:

 Your Spells              Type           Power        Failure   Level  Hunger
a - Flame Tongue          Conj/Fire      ###..        1%          1    None
b - Throw Flame           Conj/Fire      ###...       1%          2    ##.....
c - Sticky Flame          Conj/Fire      ###.....     10%         4    ####...

Your spell library contained the following spells:

 Spells                   Type           Power        Failure   Level  Hunger
 Conjure Flame            Conj/Fire      ###.....     3%          3    ###....
 Beastly Appendage        Tmut           #.....       4%          1    None
 Inner Flame              Hex/Fire       #.......     6%          3    ###....
 Fireball                 Conj/Fire      ###.......   24%         5    ######.


Dungeon Overview and Level Annotations

Branches:
Dungeon (4/15)
 Temple: D:4-7

Altars:
Ashenzari
Elyvilon
Hepliaklqana
Kikubaaqudgha
Qazlal
Sif Muna
Uskayaw
Vehumet
Xom

Annotations:
D:4 Pikel


Innate Abilities, Weirdness & Mutations

You have a pair of small horns on your head.
You are partially covered in rugged brown scales. (AC +1, +3% HP)
Your flesh is cold resistant. (rC+)


Message History

Pikel is severely wounded.
Pikel burns!
Pikel hits you with a +2 whip of electrocution.
Casting: Flame Tongue (safe; 1% risk of failure)
Confirm with . or Enter, or press ? or * to list all spells.
You don't have enough magic to cast that spell.
Unknown command.
You closely miss Pikel. You headbutt Pikel, but do no damage.
Pikel is severely wounded.
Pikel burns! x2; Pikel stops burning.
Pikel hits you with a +2 whip of electrocution.
You barely miss Pikel.
Pikel is almost dead.
Pikel hits you with a +2 whip of electrocution!
* * * LOW HITPOINT WARNING * * *
Pikel hits you with a +2 whip of electrocution.
* * * LOW HITPOINT WARNING * * *
You are electrocuted!!
Ouch! That really hurt!
You die...

### .K .#
##########.#
#....K.p...#
#.##########
######..pK@..#
.......>.####.#
##.#####.# #.#
#.# ##.#### #.#
#.<...#### ..#
#........# ###
#<######## #.#
#.#


You could see Pikel and a slave.

Vanquished Creatures
  A crimson imp (D:3)
  An orc priest (D:3)
  Ijyb (D:3)
  4 gnolls
  4 adders
  4 dart slugs
  5 orcs
  3 giant cockroaches
  3 goblins
  5 hobgoblins
  A quokka (D:2)
  A ball python (D:1)
  11 bats
  5 frilled lizards (D:1)
  4 kobolds
  4 rats
57 creatures vanquished.

Notes
Turn   | Place    | Note
-------+----------+-------------------------------------------
     0 | D:1      | mortelune the Demonspawn Fire Elementalist began the quest
                  | for the Orb.
     0 | D:1      | Reached XP level 1. HP: 13/13 MP: 3/3
   346 | D:1      | Gained mutation: Your flesh is cold resistant. (rC+)
                  | [demonic ancestry]
   346 | D:1      | Reached XP level 2. HP: 18/19 MP: 5/5
   551 | D:1      | Reached skill level 3 in Fire Magic
  1616 | D:2      | Learned a level 2 spell: Throw Flame
  1623 | D:2      | Reached XP level 3. HP: 20/24 MP: 2/6
  2179 | D:2      | Found an ancient bone altar of Kikubaaqudgha.
  2180 | D:2      | Found a shimmering blue altar of Sif Muna.
  2182 | D:2      | Found a radiant altar of Vehumet.
  2188 | D:2      | Identified Sif Muna's Guide on Moulding
  2373 | D:2      | Found a stormy altar of Qazlal.
  2653 | D:2      | Found a hazy altar of Hepliaklqana.
  2663 | D:2      | Found a white marble altar of Elyvilon.
  3042 | D:3      | Gained mutation: You have a pair of small horns on your
                  | head. [demonic ancestry]
  3042 | D:3      | Reached XP level 4. HP: 30/30 MP: 0/7
  3403 | D:2      | Learned a level 4 spell: Sticky Flame
  3806 | D:2      | Gained mutation: You are partially covered in rugged brown
                  | scales. (AC +1, +3% HP) [demonic ancestry]
  3806 | D:2      | Reached XP level 5. HP: 24/36 MP: 0/9
  3960 | D:3      | Found a hide-covered altar of Uskayaw.
  3963 | D:3      | Found a shattered altar of Ashenzari.
  4064 | D:3      | Found a shimmering altar of Xom.
  4246 | D:3      | Reached skill level 4 in Fire Magic
  4431 | D:3      | Noticed Ijyb
  4435 | D:3      | Killed Ijyb
  4725 | D:3      | Found a faded altar of an unknown god.
  4822 | D:2      | Became a worshipper of Qazlal Stormbringer
  4902 | D:4      | Noticed a slave
  4903 | D:4      | Noticed Pikel
  4925 | D:4      | HP: 1/36 [Pikel/+2 whip of electrocution (3)]
  4925 | D:4      | Demolished by Pikel

Levels and vault maps discovered:
D:1:      sevenhm_arrival_forest_fort_large_1, layout_loops_cross,
          chequers_serial_rivers_micro_c
D:2:      layout_loops_ring, grunt_temple_overflow_magic_moments,
          nicolae_qazlal_general_emergency, amethyst_overflow_temple_binary,
          minmay_misc_feat_cross
D:3:      layout_rooms, chequers_temple_overflow_statue_of_worship,
          chequers_ecumenical_altar_lobes, first_ration, led_xom_imps, uniq_ijyb
D:4:      layout_loops_ring, serial_bayou, serial_bayou_pond_d,
          serial_bayou_lagoon_b, serial_bayou_pond_e, serial_bayou_shore_b,
          bh_walls_and_bars, uniq_pikel

Skill      XL: |  1  2  3  4  5 |
---------------+----------------+-----
Fire Magic     | 3 4 |  4.2
Conjurations   | 2 3 |  3.5
Spellcasting   | 3 |  3.0
Dodging        | |  1.7
Stealth        | |  1.7

Action                   |  1- 3 |  4- 6 || total
-------------------------+-------+-------++-------
Melee: Short sword       |    12 |    16 ||    28
       Headbutt          |       |     3 ||     3
 Cast: Flame Tongue      |    46 |    22 ||    68
       Throw Flame       |    13 |    18 ||    31
       Sticky Flame      |       |     5 ||     5
  Use: Potion            |     5 |     1 ||     6
       Scroll            |       |     4 ||     4
  Eat: Chunk             |     8 |     4 ||    12
       Ration            |       |     1 ||     1
Armor: Robe              |    14 |     3 ||    17
Dodge: Dodged            |    45 |    23 ||    68

Table legend:
 A = Non-vault XP
 B = Vault XP
 C = Vault XP percentage of total XP
 D = Non-vault monster count
 E = Vault monster count
 F = Vault count percentage of total count
                 A         B        C        D         E       F
            +---------+---------+-------+---------+---------+-------
      Total |     235 |      84 |  26.3 |      53 |       4 |   7.0
            +---------+---------+-------+---------+---------+-------
        D:1 |      34 |       3 |   8.1 |      24 |       2 |   7.7
        D:2 |      65 |       0 |   0.0 |      13 |       0 |   0.0
        D:3 |     136 |      81 |  37.3 |      16 |       2 |  11.1
            +---------+---------+-------+---------+---------+-------
